 Dungeon Sprint DCSS version 0.24-a0-203-gf0bc1e9 (webtiles) character file.

Game seed: 8489862227184003741

17215 TheOrbIsALie the Peltast (level 12, -11/102 HPs)
             Began as a Demonspawn Fighter on Mar 27, 2019.
             Was a Priest of Ru.
             Mangled by an alligator snapping turtle (13 damage)
             ... in the Dungeon (Sprint V: "Ziggurat Sprint").
             The game lasted 00:07:59 (847 turns).

TheOrbIsALie the Peltast (Demonspawn Fighter)        Turns: 847, Time: 00:08:00

Health: -11/102    AC: 31    Str: 17    XL:     12   Next: 16%
Magic:  14/14      EV: -2    Int:  9    God:    Ru [***...]
Gold:   0          SH: 33    Dex: 30    Spells: 14/14 levels left

rFire    . . .     SeeInvis +   G - +7 Screaming Sword {slice, sonic wave}
rCold    . . .     Gourm    .   F - +18 shield of the Gong {rElec rN+ MR+ EV-5}
rNeg     + . .     Faith    .   E - +15 Maxwell's patent armour {-Cast -Tele rElec MR+ rCorr}
rPois    .         Spirit   .   o - +0 helmet {SInv}
rElec    +         Reflect  .   b - scarf {cloud immunity}
rCorr    +         Harm     .   (no gloves)
MR       ++...     NoTele   +   (no boots) Stlth ..........NoCast +
                                c - amulet of regeneration
HPRegen  0.67/turn              y - +6 ring of dexterity
MPRegen  0.14/turn              z - +6 ring of dexterity

@: lethally poisoned (-11 -> -17), lightly drained, very slow
A: talons 2, nightstalker 2, powered by death 2, reduced EV 1, unskilled 1
a: Sacrifice Words, Sacrifice Durability, Sacrifice Arcana, Reject Sacrifices,
Draw Out Power, Renounce Religion


You were in the Dungeon.
You worshipped Ru.
Ru was most pleased with you.
You were not hungry.

You visited 1 branch

Inventory:

Hand Weapons
 G - the +7 Screaming Sword (weapon) {slice, sonic wave}
   (You found it in the Dungeon)

   It inflicts extra damage upon your enemies.
Armour
 b - a scarf of cloud immunity (worn)
 o - a +0 helmet of see invisible (worn)
 E - the +15 Maxwell's patent armour (worn) {-Cast -Tele rElec MR+ rCorr}
   (You found it in the Dungeon)

   It insulates you from electricity.
   It affects your resistance to hostile enchantments.
   It prevents spellcasting.
   It prevents most forms of teleportation.
   It provides partial protection from all sources of acid and corrosion.
 F - the +18 shield of the Gong (worn) {rElec rN+ MR+ EV-5}
   (You found it in the Dungeon)

   It affects your evasion (-5).
   It insulates you from electricity.
   It protects you from negative energy.
   It affects your resistance to hostile enchantments.
 H - a +5 crystal plate armour
 I - +5 fire dragon scales
 J - +5 gold dragon scales
 K - +5 ice dragon scales
 L - +5 shadow dragon scales
Jewellery
 a - the ring "Xira" {rF+ rC+ Str+2 Int-3 Stlth+}
   (You found it in the Dungeon)

   [ring of protection from fire]

   It affects your strength (+2).
   It affects your intelligence (-3).
   It protects you from fire.
   It protects you from cold.
   It makes you more stealthy.
 c - an amulet of regeneration (around neck)
 y - a +6 ring of dexterity (left hand)
 z - a +6 ring of dexterity (right hand)
 A - a +6 ring of intelligence
 B - a +6 ring of intelligence
 C - a +6 ring of strength
 D - a +6 ring of strength
 M - the ring "Jor Koym" {rPois rC+++ MR- Str+5 Int-5}
   (You found it in the Dungeon)

   [ring of poison resistance]

   It affects your strength (+5).
   It affects your intelligence (-5).
   It renders you almost immune to cold.
   It protects you from poison.
   It affects your resistance to hostile enchantments.
 N - the ring "Qenafuwi" {rF+ MR+ Int+3 Stlth-}
   (You found it in the Dungeon)

   [ring of protection from fire]

   It affects your intelligence (+3).
   It protects you from fire.
   It affects your resistance to hostile enchantments.
   It makes you less stealthy.
Wands
 v - a wand of disintegration (6)
 w - a wand of iceblast (5)
 x - a wand of acid (6)
Scrolls
 k - 4 scrolls of blinking
 q - 4 scrolls of amnesia
 r - 7 scrolls of fog
 s - 5 scrolls of identify
 t - 5 scrolls of remove curse
 u - 2 scrolls of fear
Potions
 d - 6 potions of might
 e - 8 potions of curing
 g - 7 potions of heal wounds
 h - 6 potions of haste
 i - 7 potions of magic
 j - 2 potions of berserk rage
 l - 2 potions of brilliance
 m - 2 potions of invisibility
 n - 4 potions of resistance
 p - 5 potions of agility
Miscellaneous
 O - a lamp of fire
Comestibles
 f - 8 rations


   Skills:
 + Level 12.0(11.8) Fighting
 + Level 14.1(14.0) Long Blades
 + Level 1.5(1.4) Throwing
 + Level 10.8(10.6) Armour
 + Level 2.1(2.0) Dodging
 + Level 1.7(1.6) Stealth
 + Level 15.4(15.3) Shields
 + Level 1.5(1.4) Unarmed Combat
 + Level 1.5(1.4) Spellcasting
 + Level 3.0(2.9) Evocations


You had 14 spell levels left.
You didn't know any spells.
Your spell library was empty.

Dungeon Overview and Level Annotations

Branches:
Dungeon (1/1)

Altars:
Ashenzari
Cheibriados
Dithmenos
Elyvilon
Fedhas
Gozag
Hepliaklqana
Kikubaaqudgha
Makhleb
Nemelex Xobeh
Okawaru
Qazlal
Ru
Sif Muna
Trog
Uskayaw
Vehumet
Wu Jian
Xom
Yredelemnul
Zin
The Shining One
Beogh
Jiyva
Lugonu

Annotations:
D 1 transporter


Innate Abilities, Weirdness & Mutations

You have razor-sharp toenails.
You are significantly more attuned to the shadows.
You regenerate health from kills.
You have somewhat slow reflexes. (EV -5)
You are somewhat unskilled. (-1 Apt)


Message History

You partially resist.
You feel drained.
The alligator snapping turtle bites you from afar!!
* * * LOW HITPOINT WARNING * * *
You block the merfolk impaler's attack.
SHROANNG!
The merfolk impaler hits you but does no damage.
Unknown command.
You feel much better.
You feel sick.
You block the merfolk javelineer's attack.
PTOANNNG!
You block the sea snake's attack.
GONNNNG!
The merfolk aquamancer points at you and mumbles some strange words.
The shard of ice hits you!!
* * * LOW HITPOINT WARNING * * *
You block the merfolk impaler's attack.
GONNNNG!
You redirect the merfolk aquamancer's attack!
The alligator snapping turtle bites you from afar!
You die...

▓....... ▓....)..
▓....... ▓▓▓▓▓▓▓▓▓
▓.▓..... ▓...≈8©8.≈.
▓....©..
▓.≈)(≈:!}).≈▓▓▓▓▓▓▓▓
▓.≈.}:|}[.≈.▓...8©8.
▓..≈≈t......▓..|[}[:
▓≈≈@SmH≈...≈▓...).).
▓..m(mm.≈..≈▓.......
▓.≈≈.mm....≈▓.......
▓≈...≈(....≈▓.......
▓≈...≈......▓.......
▓.......≈..≈▓.▓.....
▓..≈..©...≈.▓....©..
▓▓▓▓▓▓▓▓▓▓▓▓▓▓▓▓▓▓▓▓
▓...8©8...▓...8©8...


You could see an alligator snapping turtle, 2 merfolk impalers, a merfolk
javelineer, a sea snake, 2 merfolk aquamancers, a manticore and a merfolk siren.

Vanquished Creatures
  2 acid blobs (D)
  A fire giant (D)
  2 fire dragons (D)
  A merfolk javelineer (D)
  2 death oozes (D)
  A hell hog (D)
  A deep elf knight (D)
  3 deep elf magi (D)
  A wolf spider (D)
  2 draconians (D)
  A manticore (D)
  A merfolk siren (D)
  2 black mambas (D)
  2 guardian mummies (D)
  A jumping spider (D)
  3 slime creatures (D)
  A redback (D)
  An air elemental (D)
  2 flying skulls (D)
  2 fire elementals (D)
  An ushabti (D)
  2 golden eyes (D)
  A large abomination (D)
  2 hell hounds (D)
  2 water moccasins (D)
  2 eyes of draining (D)
  A necrophage (D)
  A small abomination (D)
  3 scorpions (D)
  3 quasits (D)
  2 jellies (D)
  A mummy (D)
  8 adders (D)
  3 shadow imps (D)
  An ooze (D)
  An adder skeleton (D)
  A bat zombie (D)
  5 ball pythons (D)
  A giant cockroach zombie (D)
  A jackal skeleton (D)
  2 fire vortices (D)
76 creatures vanquished.

Vanquished Creatures (others)
  A redback (shapeshifter) (D)
1 creature vanquished.

Grand Total: 77 creatures vanquished

Notes
Turn   | Place    | Note
-------+----------+-------------------------------------------
     0 | D        | Found the +6 Majin-Bo {vamp, Archmagi MP+6 Int+6}
     0 | D        | Found the +7 great mace "Firestarter" {inner flame, rF++}
     0 | D        | TheOrbIsALie the Demonspawn Fighter began the quest for the
                  | Orb.
     0 | D        | Reached XP level 1. HP: 18/18 MP: 1/1
     0 | D        | Found a deep blue altar of Sif Muna.
     0 | D        | Found a bloodstained altar of Trog.
     0 | D        | Found a sacrificial altar of Ru.
     0 | D        | Found a stormy altar of Qazlal.
     0 | D        | Found an iron altar of Okawaru.
     1 | D        | Found a sparkling altar of Nemelex Xobeh.
     1 | D        | Found a blossoming altar of Fedhas.
     3 | D        | Found a transporter.
     3 | D        | Found an ancient bone altar of Kikubaaqudgha.
     3 | D        | Found a viscous altar of Jiyva.
     3 | D        | Found a corrupted altar of Lugonu.
     3 | D        | Found a hazy altar of Hepliaklqana.
     3 | D        | Found a burning altar of Makhleb.
     3 | D        | Found an opulent altar of Gozag.
    19 | D        | Found the +9 heavy crossbow "Sniper" {velocity, Acc+∞ SInv}
    19 | D        | Found the +10 dark maul {crush}
    19 | D        | Found the +15 Maxwell's patent armour {-Cast -Tele rElec
                  | MR+ rCorr}
    19 | D        | Found the +18 shield of the Gong {rElec rN+ MR+ EV-5}
    19 | D        | Found the cursed +14 obsidian axe {chop, +Fly SInv *Curse}
    21 | D        | Found the +6 shillelagh "Devastator" {shatter}
    21 | D        | Found the +11 plutonium sword {*Contam Stlth-}
    21 | D        | Found the +8 lance "Wyrmbane" {slay drac, rPois rF+ rC+
                  | AC+3}
    21 | D        | Found the +9 sword of Zonguldrok {reap}
    21 | D        | Found the cursed +13 scythe of Curses {drain, *Curse}
    21 | D        | Found the +0 sword of Power
    21 | D        | Found the +7 mace of Variability {chain chaos}
    21 | D        | Found the +7 Singing Sword {slice, sonic wave}
    21 | D        | Found the +7 longbow "Piercer" {penet, EV-2}
    45 | D        | Became a worshipper of Ru the Awakened
    86 | D        | Entered arena 2.
    86 | D        | Noticed a draconian
    86 | D        | Noticed a draconian
    86 | D        | Found a transporter.
    97 | D        | Killed a draconian
    97 | D        | Reached skill level 5 in Long Blades
    97 | D        | Reached skill level 7 in Shields
    97 | D        | Gained mutation: You regenerate a little health from kills.
                  | [demonic ancestry]
    97 | D        | Reached XP level 2. HP: 12/31 MP: 2/2
    97 | D        | Reached XP level 3. HP: 14/36 MP: 3/3
    97 | D        | Reached XP level 4. HP: 16/43 MP: 4/4
    97 | D        | Reached XP level 5. HP: 18/48 MP: 5/5
    97 | D        | Gained mutation: You regenerate health from kills. [demonic
                  | ancestry]
    97 | D        | Reached XP level 6. HP: 21/55 MP: 6/6
   104 | D        | Killed a draconian
   104 | D        | Reached skill level 8 in Shields
   104 | D        | Reached XP level 7. HP: 17/63 MP: 7/7
   315 | D        | Reached skill level 1 in Throwing
   315 | D        | Reached skill level 1 in Dodging
   315 | D        | Reached skill level 1 in Stealth
   315 | D        | Reached skill level 9 in Shields
   315 | D        | Reached skill level 1 in Unarmed Combat
   315 | D        | Reached skill level 1 in Spellcasting
   315 | D        | Gained mutation: You have sharp toenails. [demonic
                  | ancestry]
   315 | D        | Reached XP level 8. HP: 71/71 MP: 7/10
   316 | D        | Entered arena 3.
   316 | D        | Found a transporter.
   344 | D        | Entered arena 4.
   344 | D        | Found a transporter.
   359 | D        | Entered arena 5.
   359 | D        | Found a transporter.
   412 | D        | Entered arena 6.
   412 | D        | Found a transporter.
   427 | D        | Entered arena 7.
   427 | D        | Noticed a deep elf knight
   427 | D        | Noticed an air elemental
   427 | D        | Noticed a deep elf mage
   427 | D        | Noticed a deep elf mage
   427 | D        | Noticed a deep elf mage
   428 | D        | Identified the +1 spear of the Empty Page {drain, Str+2}
   429 | D        | Found a transporter.
   429 | D        | Reached skill level 10 in Shields
   429 | D        | Gained mutation: You are slightly more attuned to the
                  | shadows. [demonic ancestry]
   429 | D        | Reached XP level 9. HP: 77/77 MP: 11/11
   431 | D        | Killed a deep elf knight
   431 | D        | Killed a deep elf mage
   431 | D        | Killed a deep elf mage
   431 | D        | Reached skill level 10 in Fighting
   431 | D        | Killed a deep elf mage
   431 | D        | Reached skill level 10 in Long Blades
   431 | D        | Reached skill level 11 in Shields
   448 | D        | Got the ring "Jor Koym" {rPois rC+++ MR- Str+5 Int-5}
   450 | D        | Gained mutation: You are somewhat unskilled. (-1 Apt) [Ru
                  | sacrifice]
   450 | D        | Reduced skill Shields to level 10
   450 | D        | Reached * piety under Ru
   450 | D        | Reached ** piety under Ru
   453 | D        | Entered arena 8.
   453 | D        | Noticed a wolf spider
   455 | D        | Noticed a jumping spider
   457 | D        | Killed a wolf spider
   460 | D        | Reached skill level 10 in Long Blades
   460 | D        | Gained mutation: You have razor-sharp toenails. [demonic
                  | ancestry]
   460 | D        | Reached XP level 10. HP: 73/83 MP: 12/12
   462 | D        | Reached skill level 11 in Shields
   463 | D        | Found a transporter.
   506 | D        | Entered arena 9.
   508 | D        | Found a transporter.
   521 | D        | Entered arena 10.
   523 | D        | Found a transporter.
   527 | D        | Reached skill level 10 in Fighting
   533 | D        | Got the ring "Xira" {rF+ rC+ Str+2 Int-3 Stlth+}
   534 | D        | Gained mutation: You have somewhat slow reflexes. (EV -5)
                  | [Ru sacrifice]
   534 | D        | Reached *** piety under Ru
   537 | D        | Entered arena 11.
   537 | D        | Noticed a black mamba
   537 | D        | Noticed a black mamba
   539 | D        | Found a transporter.
   546 | D        | Killed a black mamba
   548 | D        | Reached skill level 12 in Shields
   553 | D        | Killed a black mamba
   563 | D        | Got the ring "Qenafuwi" {rF+ MR+ Int+3 Stlth-}
   686 | D        | Entered arena 12.
   686 | D        | Noticed a fire dragon
   686 | D        | Noticed a hell hog
   687 | D        | Noticed a fire dragon
   687 | D        | Identified the amulet "Evesoast" {Fragile Regen+ Str+2
                  | Int+3}
   687 | D        | Noticed a fire giant
   692 | D        | Killed a hell hog
   697 | D        | Killed a fire dragon
   697 | D        | Gained mutation: You are significantly more attuned to the
                  | shadows. [demonic ancestry]
   697 | D        | Reached XP level 11. HP: 68/92 MP: 13/13
   697 | D        | Killed a fire giant
   697 | D        | Reached skill level 13 in Shields
   702 | D        | Killed a fire dragon
   706 | D        | Found a transporter.
   762 | D        | Entered arena 13.
   764 | D        | Noticed an acid blob
   764 | D        | Noticed a death ooze
   765 | D        | Noticed a death ooze
   765 | D        | Noticed an acid blob
   773 | D        | Killed an acid blob
   773 | D        | Reached skill level 10 in Armour
   773 | D        | Reached skill level 14 in Shields
   775 | D        | Killed a death ooze
   775 | D        | Killed a death ooze
   777 | D        | Killed an acid blob
   777 | D        | Reached skill level 15 in Shields
   777 | D        | Reached XP level 12. HP: 40/102 MP: 7/14
   779 | D        | Found a transporter.
   828 | D        | Entered arena 14.
   831 | D        | Noticed a merfolk impaler
   831 | D        | Noticed a merfolk impaler
   831 | D        | Noticed a merfolk javelineer
   832 | D        | Identified the +4 great sword of Athrydof {slice, rN+ SInv
                  | Stlth+}
   832 | D        | Noticed a merfolk javelineer
   832 | D        | Noticed a merfolk aquamancer
   832 | D        | Noticed an alligator snapping turtle
   832 | D        | Identified the +7 morningstar of the Evil Eye {antimagic,
                  | rF+}
   832 | D        | Noticed a merfolk aquamancer
   833 | D        | Found a transporter.
   840 | D        | Killed a merfolk javelineer
   847 | D        | HP: 2/102 [merfolk aquamancer/shard of ice (27)]
   847 | D        | Mangled by an alligator snapping turtle

Levels and vault maps discovered:
D:        sprint_v [room_start, room_1, room_2, room_3, room_4, room_5, room_6,
          room_7, room_8, room_9, room_10, room_11, room_12, room_13, room_14,
          room_15, room_16, room_17, room_18, room_19, room_20, room_21,
          room_22, room_23, room_24, room_25, room_26, room_27]

Skill      XL: |  1  2  3  4  5  6  7  8  9 10 11 12 |
---------------+-------------------------------------+-----
Fighting       | 7 8 9 9 10 11 12 | 12.0
Long Blades    | 5 6 7 8 10 12 13 14 | 14.1
Armour         | 7 8 9 10 | 10.8
Shields        | 7 8 9 10 10 12 15 | 15.4
Throwing       | 1 |  1.5
Dodging        | 1 2 |  2.1
Stealth        | 1 |  1.7
Unarmed Combat | 1 |  1.5
Spellcasting   | 1 |  1.5
Evocations     | 2 3 |  3.0

Action                   |  1- 3 |  4- 6 |  7- 9 | 10-12 || total
-------------------------+-------+-------+-------+-------++-------
Melee: Double sword      |    10 |     6 |    35 |    61 ||   112
       Kick              |       |       |    14 |    27 ||    41
Invok: Sacrifice Skill   |       |       |     1 |       ||     1
       Sacrifice Health  |       |       |       |     1 ||     1
Evoke: Wand              |       |       |     4 |       ||     4
  Use: Potion            |     1 |       |     2 |     4 ||     7
       Scroll            |       |       |     1 |       ||     1
Armor: Plate armour      |     4 |       |    17 |    64 ||    85
Dodge: Dodged            |     1 |       |     1 |     2 ||     4
Block: Shield            |     9 |     6 |    58 |   162 ||   235
       Rpst.: Double sword |       |       |       |     1 ||     1

Table legend:
 A = Non-vault XP
 B = Vault XP
 C = Vault XP percentage of total XP
 D = Non-vault monster count
 E = Vault monster count
 F = Vault count percentage of total count
                 A         B        C        D         E       F
            +---------+---------+-------+---------+---------+-------
      Total |     262 |   23284 |  98.9 |       1 |      74 |  98.7
            +---------+---------+-------+---------+---------+-------
          D |     262 |   23284 |  98.9 |       1 |      74 |  98.7
            +---------+---------+-------+---------+---------+-------
